 Dungeon Crawl Stone Soup version 0.28-a0-1567-g1695149f81 (webtiles) character file.

Game seed: 9615073486007446659

30 mcsnuffy the Gusty (level 3, 19/19 HPs)
             Began as a Deep Elf Air Elementalist on Nov 26, 2021.
             Quit the game on level 1 of the Dungeon on Jan 19, 2022.
             The game lasted 00:06:00 (1214 turns).

mcsnuffy the Gusty (Deep Elf Air Elementalist)      Turns: 1214, Time: 00:06:00

Health: 19/19      AC:  2    Str:  5    XL:     3   Next: 3%
Magic:  9/9        EV: 12    Int: 20    God:
Gold:   32         SH:  5    Dex: 21    Spells: 2/8 levels left

rFire   . . .      SeeInvis .   b - +0 whip
rCold   . . .      Faith    .   d - +0 buckler
rNeg    . . .      Spirit   .   a - +0 robe
rPois   .          Reflect  .   (no helmet)
rElec   .          Harm     .   (no cloak)
rCorr   .          Rampage  .   (no gloves)
Will    .....                   (no boots)
Stlth   ++........              (no amulet)
HPRegen 0.06/turn               D - +6 ring of dexterity
MPRegen 0.11/turn               (no ring)

@: no status effects
A: no striking features
a: no special abilities


You were on level 1 of the Dungeon.
You visited 1 branch of the dungeon, and saw 1 of its levels.

You collected 32 gold pieces.


   Skills:
 - Level 2.4 Dodging
 - Level 2.4 Stealth
 + Level 1.0 Shields
 - Level 3.0 Spellcasting
 - Level 1.1 Conjurations
 + Level 3.9 Air Magic


You had 2 spell levels left.
You knew the following spells:

 Your Spells              Type           Power      Damage    Failure   Level
i - Swiftness             Air            18%        N/A       12%         3
t - Static Discharge      Conj/Air       13%        N/A       11%         2
z - Shock                 Conj/Air       52%        1d6       7%          1

Your spell library contained the following spells:

 Spells                   Type           Power      Damage    Failure   Level
 Airstrike                Air            9%         N/A       36%         4

Inventory:

Hand Weapons
 b - a +0 whip (weapon)
Armour
 a - a +0 robe (worn)
 d - a +0 buckler (worn)
Jewellery
 D - a +6 ring of dexterity (left hand)
Scrolls
 e - a scroll of teleportation {unknown}
 f - a scroll of identify {unknown}
Potions
 c - 2 potions of brilliance {unknown}

Dungeon Overview and Level Annotations

Branches:
Dungeon (1/15)

Altars:

.....#. ####.... #.... ########.
#..## #........ #..## ###### #.#
# ##..># ...... #.# #.##.#...#.
###### #†# #........<# #.# #@#
######...## #.# #.# ##.... #.#
#.# #.... #.# #.# #..#. #.#
#.##### ##..#. #.# #.....#
##..... ####.# #####.# ##.....# #
###.##.# ##..# #......>
###[.....#########...####........


There were no monsters in sight!


Message History

The zap misses the hobgoblin.
Casting: Shock (safe; 8% risk of failure)
Confirm with . or Enter, or press ? or * to list all spells.
Aiming: Shock (safe; 8% risk of failure)
Press: ? - help, Shift-Dir - straight line, f/p - hobgoblin
Aim: a hobgoblin (68% to hit)
The zap hits the hobgoblin.
The hobgoblin is almost dead.
You block the hobgoblin's attack.
Casting: Shock (safe; 8% risk of failure)
Confirm with . or Enter, or press ? or * to list all spells.
Aiming: Shock (safe; 8% risk of failure)
Press: ? - help, Shift-Dir - straight line, f/p - hobgoblin
Aim: a hobgoblin (almost dead, 68% to hit)
The zap hits the hobgoblin.
You kill the hobgoblin!
Your Shields skill increases to level 1!
You start resting.
Magic restored.
Memorise Static Discharge, consuming 2 spell levels and leaving 5?
You finish memorising.
Spell assigned to 't'.
This spell is extremely dangerous to cast!
Memorise Swiftness, consuming 3 spell levels and leaving 2?
You finish memorising.
Spell assigned to 'i'.
Options error: Bad monster_list_colour key: strict_neutral (~/.crawlrc:52) Welcome back, mcsnuffy the Deep Elf Air Elementalist.
Press ? for a list of commands and other information.
Are you sure you want to abandon this character and quit the game? (Confirm with "yes".)
Okay, then.
Are you sure you want to abandon this character and quit the game? (Confirm with "yes".)

Skill      XL: |  1  2  3 |
---------------+----------+-----
Shields        | 1 |  1.0
Dodging        | |  2.4
Stealth        | |  2.4
Spellcasting   | |  3.0
Conjurations   | |  1.1
Air Magic      | |  3.9

Action                   || total
-------------------------++-------
Melee: Whip              ||    13
 Cast: Shock             ||    51
Armor: Robe              ||     5
Dodge: Dodged            ||    16
Block: Buckler           ||     8

Levels and vault maps discovered:
D:1:      onia_arrival_handbag, layout_loops_corners

Notes
Turn   | Place    | Note
-------+----------+-------------------------------------------
     0 | D:1      | mcsnuffy the Deep Elf Air Elementalist began the quest for
                  | the Orb.
     0 | D:1      | Reached XP level 1. HP: 10/10 MP: 6/6
   326 | D:1      | Reached XP level 2. HP: 8/15 MP: 1/8
  1118 | D:1      | Reached XP level 3. HP: 19/19 MP: 5/9
  1182 | D:1      | Reached skill level 1 in Shields
  1210 | D:1      | Learned a level 2 spell: Static Discharge
  1214 | D:1      | Learned a level 3 spell: Swiftness
  1214 | D:1      | Upgraded the game from 0.28-a0-925-gd5e1996cdb to
                  | 0.28-a0-1567-g1695149f81
  1214 | D:1      | Quit the game

Vanquished Creatures
  3 bats (D:1)
  4 endoplasms (D:1)
  A giant cockroach (D:1)
  A goblin (D:1)
  4 hobgoblins (D:1)
  2 jackals (D:1)
  A quokka (D:1)
  2 frilled lizards (D:1)
  5 kobolds (D:1)
  5 rats (D:1)
28 creatures vanquished.

Table legend: (Time is in decaauts)
 A = Elapsed time spent in this place.
 B = Non-inter-level travel time spent in this place.
 C = Inter-level travel time spent in this place.
 D = Time resting spent in this place.
 E = Time spent auto-exploring this place.
 F = Levels seen in this place.
 G = Mean time per level.
                   A        B        C        D        E       F      G
               +--------+--------+--------+--------+--------+-----+--------+
         Total |   1214 |   1214 |      0 |    559 |    429 |   1 | 1214.0 |
       Dungeon |   1214 |   1214 |      0 |    559 |    429 |   1 | 1214.0 |
               +--------+--------+--------+--------+--------+-----+--------+

Top non-repeatable levels by time:
     D:1: 1214 daAuts

Table legend:
 A = Non-vault XP
 B = Vault XP
 C = Vault XP percentage of total XP
 D = Non-vault monster count
 E = Vault monster count
 F = Vault count percentage of total count
                 A         B        C        D         E       F
            +---------+---------+-------+---------+---------+-------
      Total |      38 |       5 |  11.6 |      24 |       4 |  14.3
            +---------+---------+-------+---------+---------+-------
        D:1 |      38 |       5 |  11.6 |      24 |       4 |  14.3
            +---------+---------+-------+---------+---------+-------
